Map: Orbital Shipyard

Players

GAMETIME

  • Race: Zerg Zerg
  • League: Grandmaster

xKawaiian - Winner!

  • Race: Terran Terran
  • League: Master

VOD

Have the link to the VOD?

Description

Time

  • Played on: Jan. 8, 2016, 9:56 p.m.
  • Length: 11:37
Show
View Real Time Build Order
Export as new Build Order

GAMETIME Zerg 

Build Orders: Hatch First, Muta Ling Bane 

Get SALT Encoding   

  12  0:02  Drone  
  13  0:08  Drone  
  14  0:20  Overlord  
  14  0:26  Drone, Extractor  
  15  0:39  Drone x2  
  17  0:48  Drone  
  18  0:57  Hatchery  
  17  1:00  Drone  
  18  1:08  Extractor  
  17  1:14  Spawning Pool  
  17  1:16  Drone  
  17  1:20  Drone  
  18  1:28  Drone  
  19  1:39  Overlord  
  19  2:01  Queen, Zergling x4  
  23  2:08  Queen  
  23  2:09  Zergling x2  
  26  2:17  Drone  
  26  2:20  Drone  
  26  2:22  Drone  
  29  2:30  Overlord  
  29  2:33  Drone  
  30  2:41  Overlord  
  30  2:48  Queen  
  30  2:51  Drone  
  33  2:53  Lair  
  33  2:54  Drone  
  33  2:56  Drone  
  35  3:03  Drone  
  36  3:05  Overlord  
  36  3:10  Drone x2  
  36  3:11  Drone  
  39  3:13  Drone, Extractor  
  39  3:16  Drone  
  39  3:17  Drone x3  
  43  3:32  Queen  
  45  3:36  Extractor  
  45  3:37  Overlord  
  45  3:38  Drone x3, Extractor  
  45  3:40  Drone  
  48  3:41  Drone x2  
  50  3:48  Drone x2  
  50  3:49  Drone  
  51  3:56  Spire  
  50  4:07  Drone  
  50  4:08  Drone x2  
  53  4:14  Hatchery  
  52  4:25  Metabolic Boost  
  52  4:27  Drone  
  52  4:28  Drone x2  
  52  4:29  Drone  
  56  4:32  Overlord x2  
  56  4:38  Overlord  
  56  4:51  Drone x4  
  56  4:52  Drone x2  
  62  4:56  Baneling Nest, Drone  
  62  5:02  Drone  
  62  5:05  Overlord x2  
  63  5:09  Mutalisk x2  
  63  5:10  Mutalisk  
  69  5:15  Zerg Flyer Weapons Level 1  
  69  5:16  Mutalisk  
  71  5:22  Mutalisk  
  71  5:23  Mutalisk  
  71  5:27  Zergling x4  
  77  5:31  Zergling x4  
  77  5:33  Mutalisk  
  81  5:37  Mutalisk  
  81  5:38  Overlord  
  81  5:40  Zergling x2  
  81  5:41  Zergling x2  
  81  5:42  Overseer  
  85  5:55  Drone x5  
  90  5:59  Evolution Chamber  
  90  6:00  Evolution Chamber, Drone, Extractor  
  90  6:01  Drone x3, Extractor  
  90  6:09  Drone x2  
  90  6:10  Drone x5  
  95  6:17  Centrifical Hooks  
  95  6:20  Overlord x2  
  95  6:22  Drone  
  95  6:23  Drone  
  97  6:27  Zerg Melee Weapons Level 1  
  97  6:30  Zerg Ground Armor Level 1  
  95  6:40  Drone x2  
  97  6:47  Zergling x2  
  97  6:48  Zergling x2  
  97  6:50  Mutalisk, Zergling x2  
  97  6:51  Mutalisk x3  
  108  6:57  Hatchery  
  107  7:06  Drone x2  
  109  7:17  Overlord  
  109  7:18  Overlord  
  109  7:19  Overlord  
  109  7:21  Zergling x2  
  109  7:23  Zergling x4, Extractor  
  109  7:24  Zergling x8  
  109  7:25  Extractor  
  109  7:26  Baneling x16  
  99  7:31  Mutalisk x2  
  99  7:35  Zergling x2  
  99  7:36  Zergling x18  
  113  7:44  Mutalisk x2  
  109  7:54  Mutalisk x2  
  109  7:56  Zergling x6  
  107  8:03  Zergling x8  
  107  8:04  Baneling, Zergling x2  
  107  8:05  Baneling x2  
  105  8:06  Zergling x4  
  105  8:07  Zergling x4  
  105  8:10  Zergling x4  
  111  8:16  Zergling x2  
  111  8:18  Baneling  
  102  8:21  Baneling, Zergling x2  
  102  8:22  Baneling x3  
  102  8:23  Baneling x3  
  102  8:24  Zergling x2, Baneling x2  
  102  8:25  Zergling x4  
  102  8:26  Zergling x2  
  105  8:30  Zergling x2  
  96  8:37  Zergling x2  
  96  8:38  Zergling x6  
  89  8:47  Zergling x4  
  89  8:48  Mutalisk  
  86  8:49  Mutalisk x3  
  94  8:57  Zergling x4  
  94  8:58  Baneling x5  
  94  8:59  Zergling x6  
  94  9:00  Zergling x2  
  100  9:05  Hatchery, Zergling x2  
  100  9:09  Zergling x4  
  101  9:10  Zergling x4  
  101  9:16  Baneling  
  102  9:17  Baneling  
  102  9:18  Mutalisk  
  102  9:23  Evolution Chamber  
  103  9:27  Evolution Chamber, Zergling x2  
  103  9:28  Infestation Pit, Zergling x10  
  103  9:30  Baneling  
  103  9:31  Baneling x8  
  107  9:32  Overseer  
  107  9:33  Zergling x2  
  107  9:34  Zergling x6  
  107  9:36  Zergling x2  
  107  9:37  Zergling x2  
  107  9:38  Zergling x2  
  114  9:39  Zergling x2  
  113  9:52  Zergling x8  
  99  9:53  Zergling x6  
  99  9:58  Zergling x2  
  99  9:59  Mutalisk  
  96  10:00  Mutalisk x2  
  96  10:04  Mutalisk  
  100  10:07  Zergling x4  
  100  10:10  Zergling x2  
  100  10:11  Zergling x4  
  100  10:13  Mutalisk  
  107  10:20  Drone, Extractor  
  107  10:21  Drone x3  
  110  10:29  Mutalisk x2  
  110  10:32  Baneling x4  
  110  10:33  Drone  
  110  10:34  Drone x2  
  117  10:39  Drone x4  
  117  10:42  Baneling  
  121  10:43  Baneling x3  
  121  10:44  Baneling  
  121  10:45  Baneling x2  
  121  10:47  Zergling x2  
  121  10:49  Overlord  
  122  10:52  Overlord  
  122  10:58  Zergling x2  
  122  10:59  Zergling x2  
  122  11:00  Zergling x2  
  122  11:03  Zergling x4  
  125  11:07  Zergling x4  
  125  11:08  Zergling x2  
  125  11:09  Baneling x3  
  125  11:10  Baneling  
  125  11:11  Baneling x2  
  127  11:13  Zergling x2  
Show
View Real Time Build Order
Export as new Build Order

xKawaiian Terran - Winner!

Build Orders: MMM Bio 

Get SALT Encoding   

  12  0:01  SCV  
  13  0:13  SCV  
  14  0:17  Supply Depot  
  14  0:25  SCV  
  15  0:39  SCV  
  15  0:41  Barracks  
  16  0:51  SCV  
  17  1:03  SCV  
  18  1:27  Orbital Command  
  18  1:28  Marine  
  19  1:36  Command Center  
  19  1:46  Marine  
  20  1:48  Supply Depot  
  20  1:53  SCV  
  21  2:05  Command Center  
  21  2:08  SCV  
  21  2:13  Marine  
  21  2:14  Refinery  
  23  2:20  SCV  
  24  2:23  Refinery  
  24  2:30  Marine  
  24  2:33  SCV  
  26  2:45  SCV  
  26  2:50  Orbital Command  
  27  2:52  Marine  
  27  2:57  SCV  
  29  3:08  Factory  
  29  3:09  SCV  
  30  3:13  Marine  
  30  3:15  SCV  
  30  3:18  Orbital Command  
  32  3:21  SCV  
  33  3:27  SCV  
  33  3:31  Marine  
  33  3:33  SCV, Barracks  
  36  3:36  Barracks  
  36  3:40  SCV  
  37  3:44  SCV  
  37  3:45  SCV  
  39  3:53  SCV  
  40  3:56  Barracks Reactor, Factory Tech Lab  
  40  3:57  SCV x2  
  40  3:59  Starport  
  42  4:05  SCV  
  42  4:06  Engineering Bay  
  42  4:08  Engineering Bay  
  42  4:09  SCV  
  44  4:13  SCV  
  44  4:15  Siege Tank  
  48  4:17  SCV  
  48  4:20  Liberator  
  48  4:21  SCV  
  48  4:22  Refinery  
  48  4:23  Barracks Tech Lab  
  50  4:24  Barracks Tech Lab  
  50  4:25  SCV  
  50  4:30  SCV, Refinery  
  52  4:33  SCV  
  52  4:37  SCV  
  57  4:42  SCV  
  57  4:45  SCV  
  59  4:48  Marine x2  
  59  4:49  Orbital Command  
  61  4:56  Supply Depot  
  61  4:57  Terran Infantry Weapons Level 1  
  61  4:58  Supply Depot  
  61  5:06  Barracks x2  
  61  5:09  SCV, Marine x3  
  61  5:10  SCV  
  61  5:11  Supply Depot, Stimpack, Combat Shields  
  66  5:16  Marine  
  66  5:18  SCV  
  68  5:22  Terran Infantry Armor Level 1  
  68  5:25  SCV x2  
  68  5:27  Marine  
  71  5:30  SCV  
  71  5:32  Starport Reactor  
  71  5:33  Marine x2  
  74  5:37  SCV x2  
  74  5:38  Siege Tank  
  74  5:40  Marine  
  80  5:43  SCV  
  80  5:45  Marine  
  80  5:47  Supply Depot  
  80  5:48  Supply Depot  
  82  5:51  Missile Turret, Marine x2  
  82  5:53  Barracks Reactor x2  
  84  5:58  Marine  
  84  6:02  Armory  
  86  6:05  Missile Turret  
  86  6:09  Missile Turret, Marine  
  86  6:10  Medivac  
  86  6:11  Missile Turret  
  85  6:15  SCV x2  
  85  6:17  SCV  
  85  6:18  Medivac  
  90  6:19  Marine  
  90  6:21  Marine x2  
  93  6:26  Missile Turret  
  93  6:27  SCV x2  
  93  6:30  Marine x4  
  93  6:31  Missile Turret  
  99  6:33  Marine  
  99  6:39  Marine  
  100  6:43  Supply Depot  
  100  6:44  Supply Depot, Marine x2  
  100  6:46  Supply Depot, Medivac  
  104  6:50  Refinery  
  104  6:51  Refinery  
  104  6:52  Medivac  
  106  6:58  Marine x2  
  106  6:59  Marine  
  109  7:04  Supply Depot, Marine  
  109  7:06  Marine x2  
  109  7:07  Marine  
  113  7:09  SCV x2, Supply Depot  
  115  7:17  Marauder, Marine x2  
  119  7:23  SCV  
  119  7:25  Command Center  
  119  7:26  Marauder  
  119  7:28  Marine x2  
  123  7:32  Supply Depot  
  123  7:33  Terran Vehicle Weapons Level 1  
  123  7:34  SCV  
  123  7:35  SCV  
  123  7:36  Supply Depot  
  125  7:38  Terran Infantry Weapons Level 2  
  125  7:39  Supply Depot  
  125  7:43  Terran Infantry Armor Level 2  
  118  7:53  Marine  
  118  7:55  Marine x5  
  115  8:04  Marine x2  
  116  8:08  Factory  
  116  8:09  Factory  
  116  8:11  Marine  
  116  8:12  Marine  
  117  8:15  Marine x2  
  117  8:16  Medivac x2, Marine  
  117  8:17  Siege Tank  
  117  8:19  SCV  
  128  8:23  Marine  
  128  8:24  Marine  
  127  8:29  Marine x2  
  122  8:34  Marine x2  
  122  8:38  Marine x2  
  120  8:41  Marine x2  
  120  8:46  Medivac x2  
  120  8:47  Marine x2  
  112  8:52  Marine x2  
  109  8:55  Marine  
  109  8:56  Marine  
  109  8:59  Marine  
  109  9:00  Marauder  
  114  9:03  Factory Tech Lab  
  114  9:04  Marine  
  114  9:05  Factory Tech Lab, Marine  
  114  9:09  Marine  
  111  9:10  Thor, Marine  
  111  9:13  Marine x2  
  111  9:16  Medivac x2  
  124  9:17  Marine  
  124  9:21  Marine  
  124  9:22  Marine x2  
  124  9:23  Thor  
  134  9:27  Planetary Fortress, Marine x2  
  136  9:31  Marine x2  
  138  9:39  SCV  
  138  9:44  Missile Turret  
  139  9:46  Missile Turret  
  139  9:50  Marine x4  
  139  9:51  Marine x2  
  139  9:52  Marine x2  
  131  9:53  Thor  
  131  9:59  Medivac  
  127  10:08  Marine x4  
  127  10:09  Marine x2  
  127  10:10  Marine x2  
  127  10:13  Medivac  
  133  10:18  Widow Mine  
  133  10:19  Thor  
  135  10:26  Marine x4  
  135  10:27  Marine x3  
  135  10:29  Medivac  
  135  10:31  SCV  
  135  10:34  Marine  
  138  10:35  Supply Depot, Thor  
  144  10:43  Marine, Medivac  
  144  10:44  Marine x3  
  144  10:47  Thor, Refinery  
  144  10:48  Refinery  
  156  10:52  Marine  
  156  10:53  Marine x3  
  160  10:59  SCV  
  160  11:01  Marine x2  
  160  11:03  Marine x2  
  165  11:10  Marine x3  
  165  11:11  SCV  
  169  11:25  Command Center  
Tags
 
Add a new tag
Caveats
  • Supply blocks, unpowered buildings, or Contaminate may cause inaccurate times.
  • Supply counts are checked every 10 seconds.